 Dungeon Crawl Stone Soup version 0.30-a0-778-g2ef04afb54 (webtiles) character file.

Game seed: 1681551240646096453

37 theswoord the Chiller (level 3, -4/28 HPs)
             Began as a Naga Ice Elementalist on Feb 16, 2023.
             Slain by Terence
             ... wielding a +0 flail
              (9 damage)
             ... on level 2 of the Dungeon.
             The game lasted 00:05:32 (1420 turns).

theswoord the Chiller (Naga Ice Elementalist)       Turns: 1420, Time: 00:05:32

Health: -4/28      AC:  2    Str: 10    XL:     3   Next: 39%
Magic:  16/16      EV:  9    Int: 17    God:
Gold:   61         SH:  0    Dex: 11    Spells: 0/7 levels left

rFire   + + +      SeeInvis +    i - +0 trident
rCold   . . .      Faith    .    (no shield)
rNeg    . . .      Spirit   .    a - +0 robe
rPois   +          Reflect  .    (no helmet)
rElec   +          Harm     .    (no cloak)
rCorr   .          Rampage  .    (no gloves)
Will    .....                    (no barding) Stlth
                                 (no amulet)
HPRegen 0.24/turn                c - ring of Attitude {Fly rElec rPois rF+++ Stlth-}
MPRegen 0.15/turn                n - ring of magical power

@: confused, brilliant, ambrosia-drunk, freezing walls, flying, very slow
A: AC +1, large, see invisible, deformed body, poison resistance, slowness 2,
spit poison 1, naga tail 1
a: Spit Poison


You were on level 2 of the Dungeon.
You visited 1 branch of the dungeon, and saw 2 of its levels.

You collected 61 gold pieces.

Inventory:

Hand Weapons
 g - a +0 short sword
 i - a +0 trident (weapon)
Armour
 a - a +0 robe (worn)
Jewellery
 c - the ring of Attitude (left hand) {Fly rElec rPois rF+++ Stlth-}
   (You acquired it on level 2 of the Dungeon)

   [ring of flight]

   rF:        It renders you almost immune to fire.
   rElec:     It insulates you from electricity.
   rPois:     It protects you from poison.
   Fly:       It grants you flight.
   Stlth:     It makes you less stealthy.
 e - a +5 ring of evasion
 f - a +6 ring of dexterity
 h - an amulet of guardian spirit
 n - a ring of magical power (right hand)
Scrolls
 j - 2 scrolls of blinking
 k - a scroll of teleportation
Potions
 b - a potion of magic


   Skills:
 - Level 1.5 Dodging
 - Level 3.0 Stealth
 + Level 2.8 Spellcasting
 + Level 4.6 Ice Magic


You couldn't memorise any spells.
You knew the following spells:

 Your Spells              Type           Power      Damage    Failure   Level
a - Freeze                Ice            100%       1d10      2%          1
b - Frozen Ramparts       Ice            54%        1d9       9%          3
c - Ozocubu's Armour      Ice            27%        N/A       9%          3

Your spell library contained the following spells:

 Spells                   Type           Power      Damage    Failure   Level
 Summon Ice Beast         Ice/Summ       15%        N/A       56%         4


Dungeon Overview and Level Annotations

Branches:
Dungeon (2/15)

Altars:

Annotations:
D:2 Terence


Innate Abilities, Weirdness & Mutations

Your serpentine skin is tough. (AC +1)
You have supernaturally acute eyesight. (SInv)
Armour fits poorly on your strangely shaped body.
Your system is resistant to poisons. (rPois)
You cover ground very slowly.
You can spit poison.
You have a snake-like lower body.


Message History

The rat completely misses your butterfly.
The goblin hits you with a +0 dagger. The hobgoblin hits you.
You puncture the goblin!
You kill the goblin!
The rat closely misses your butterfly. The hobgoblin closely misses you.
Terence hits you with a +0 flail.
Aim: Terence, wielding a +0 flail and wearing a +0 scale mail You freeze Terence.
The hobgoblin hits you.
* * * LOW HITPOINT WARNING * * *
Terence barely misses you.
You swap places.
Terence closely misses your butterfly. The rat bites you.
* * * LOW HITPOINT WARNING * * *
The spell is quite dangerous to miscast (9% risk of failure)!
Continue anyway?
The walls around you are covered in ice.
The wall freezes the hobgoblin.
The hobgoblin hits you.
* * * LOW HITPOINT WARNING * * *
The wall freezes Terence.
Terence barely misses your butterfly.
The wall freezes the rat.
You kill the rat!
Okay, then.
It was a potion of ambrosia.
You are confused.
You feel invigorated.
The wall freezes the hobgoblin.
The hobgoblin hits you.
* * * LOW HITPOINT WARNING * * *
The wall freezes Terence but does no damage.
You're too confused to attack without stumbling around!
You're too confused to attack without stumbling around!
Are you sure you want to stumble around while confused and next to your butterfly? [Y]es or [N]o only, please.
Are you sure you want to stumble around while confused and next to your butterfly?
Okay, then.
The wall freezes the hobgoblin.
You kill the hobgoblin!
The wall freezes Terence.
Terence hits you with a +0 flail!
* * * LOW HITPOINT WARNING * * *
It was a potion of brilliance.
You feel clever all of a sudden.
The wall freezes Terence but does no damage.
Terence hits you with a +0 flail!
You die...

.. .# ## ..# #.# #. ...#
###.. #######. ..... #...
........ .....#
##.#############.
......#+#.b.........####.
..b...b@b..#######.......
#b.b.b.@bbbbb...........
....bb.†#b..b###...b.b...
.....b....bbbb#.b....##..
.)....######....b###.....
...... ##....b.......
...... ##..b###.###.
##... #..## ..# #. ####
#.†. .## #. #....##


You could see Terence.

Vanquished Creatures
  A dart slug (D:1)
  3 endoplasms
  A giant cockroach (D:1)
  5 goblins
  5 hobgoblins
  3 jackals (D:1)
  3 ball pythons
  A bat (D:1)
  4 frilled lizards
  2 kobolds (D:1)
  4 rats
32 creatures vanquished.

Notes
Turn   | Place    | Note
-------+----------+-------------------------------------------
     0 | D:1      | theswoord the Naga Ice Elementalist began the quest for the
                  | Orb.
     0 | D:1      | Reached XP level 1. HP: 15/15 MP: 3/3
   241 | D:1      | Reached XP level 2. HP: 9/22 MP: 0/5
   244 | D:1      | HP: 1/22 [kobold/+0 club (5)]
   580 | D:1      | Reached XP level 3. HP: 25/28 MP: 1/6
  1220 | D:2      | Identified a scroll of acquirement
  1220 | D:2      | Acquired the ring of Attitude {Fly rElec rPois rF+++
                  | Stlth-}
  1228 | D:2      | Learned a level 3 spell: Frozen Ramparts
  1232 | D:2      | Learned a level 3 spell: Ozocubu's Armour
  1409 | D:2      | Noticed Terence
  1419 | D:2      | HP: 1/28 [Terence/+0 flail (12)]
  1420 | D:2      | Slain by Terence

Action                     || total
---------------------------++-------
  Melee: Unarmed           ||    30
         Trident           ||    15
         Short sword       ||     1
   Cast: Freeze            ||    28
         Frozen Ramparts   ||     2
    Use: Scroll            ||     5
         Potion            ||     2
   Stab: Sleeping          ||     3
 Armour: Robe              ||     6
  Dodge: Dodged            ||    36

Levels and vault maps discovered:
D:1:      dpeg_arrival_water_fire, layout_basic, grunt_decor_clamped,
          minmay_strange_pillars
D:2:      cheibrodos_greedy_goblins, layout_rooms, basic_altar, st_stairs_13,
          dk_noncrumbling_2, hangedman_abyss_or_decor_stabs, minmay_cupped,
          uniq_terence
